MLB
BALTIMORE ORIOLES @ TORONTO BLUE JAYS
05/05/2099
 
TOP OF THE 1ST
Baltimore Orioles batting - Pitching for Toronto Blue Jays : RHP Adrian Korner
Pitching: RHP Adrian Korner
Batting: LHB Jeremy Marshall 0-0: Ball
1-0: Ground out 4-3 (Groundball, 34, EV 68.1 MPH)
Batting: RHB Travis Darling 0-0: Ball
1-0: Foul Ball, location: 5SF
1-1: Reached on error, E6 (Groundball, 6M, EV 100.6 MPH)
Batting: RHB Eduardo Lopez 0-0: Ball
1-0: Ball
2-0: Swinging Strike
2-1: Ball
3-1: Foul Ball, location: 9LMF
3-2: Foul Ball, location: 2F
3-2: Foul Ball, location: 9LMF
3-2: Fly out, F8 (Flyball, 8LD, EV 94.4 MPH)
Batting: RHB Jonathan Skye 0-0: Called Strike
0-1: Ball
1-1: Foul Ball, location: 2F
1-2: Fly out, F9 (Flyball, 9D, EV 107.5 MPH)
Top of the 1st over - 0 runs, 0 hits, 1 error, 1 left on base; Baltimore 0 - Toronto 0
BOTTOM OF THE 1ST
Toronto Blue Jays batting - Pitching for Baltimore Orioles : RHP Justin Flowers
Pitching: RHP Justin Flowers
Batting: RHB Greg Whitaker 0-0: Called Strike
0-1: Foul Ball, location: 2F
0-2: Strikes out looking
Batting: LHB John Slaff 0-0: Ball
1-0: Called Strike
1-1: Ball
2-1: Ball
3-1: Base on Balls
Batting: SHB Dennis Desper 0-0: Ball
1-0: Called Strike
1-1: Ball
2-1: Swinging Strike
2-2: Foul Ball, location: 2F
2-2: Ball
3-2: Base on Balls
John Slaff to second
Batting: RHB Danny Daugherty 0-0: Ball
1-0: Called Strike
1-1: Called Strike
1-2: Ball
2-2: Strikes out looking
Batting: LHB Collin Coleman 0-0: Ball
1-0: Ball
2-0: Ball
3-0: Base on Balls
John Slaff to third
Dennis Desper to second
Batting: RHB Justin Dupree 0-0: SINGLE (Groundball, 4MD, EV 100.6 MPH)
John Slaff scores
Dennis Desper to third
Collin Coleman to second
Runner from 3rd tries for Home, SAFE, throw by CF to home
Batting: RHB Greg Bates 0-0: Called Strike
0-1: Ball
1-1: Foul Ball, location: 3SF
1-2: Foul Ball, location: 25F
1-2: Strikes out swinging
Bottom of the 1st over - 2 runs, 1 hit, 0 errors, 2 left on base; Baltimore 0 - Toronto 2
TOP OF THE 2ND
Baltimore Orioles batting - Pitching for Toronto Blue Jays : RHP Adrian Korner
Batting: LHB Nate Wagner 0-0: Called Strike
0-1: Foul Ball, location: 2F
0-2: Ground out U3 (Groundball, 3L, EV 103.8 MPH)
Batting: SHB Josh Osborne 0-0: Ground out 4-3 (Groundball, 4, EV 101.3 MPH)
Batting: LHB Dave Schwabe 0-0: Ball
1-0: Ground out 4-3 (Groundball, 4, EV 93.1 MPH)
Top of the 2nd over - 0 runs, 0 hits, 0 errors, 0 left on base; Baltimore 0 - Toronto 2
BOTTOM OF THE 2ND
Toronto Blue Jays batting - Pitching for Baltimore Orioles : RHP Justin Flowers
Batting: SHB Mark Spalding 0-0: Foul Ball, location: 2F
0-1: Foul Ball, location: 25F
0-2: Strikes out swinging
Batting: SHB Alex Carrillo 0-0: Called Strike
0-1: Swinging Strike
0-2: Fly out, F9 (Line Drive, 89M, EV 96.3 MPH)
Batting: RHB Greg Whitaker 0-0: Called Strike
0-1: Ball
1-1: Ground out 5-3 (Groundball, 56, EV 95.0 MPH)
Bottom of the 2nd over - 0 runs, 0 hits, 0 errors, 0 left on base; Baltimore 0 - Toronto 2
TOP OF THE 3RD
Baltimore Orioles batting - Pitching for Toronto Blue Jays : RHP Adrian Korner
Batting: SHB Rafael Garza 0-0: Fly out, F4 (Popup, 34, EV 62.5 MPH)
Batting: RHB Bobby Warner 0-0: Ball
1-0: Swinging Strike
1-1: Ball
2-1: Called Strike
2-2: Ball
3-2: Base on Balls
Batting: LHB Jeremy Marshall 0-0: SINGLE (Line Drive, 56D, EV 71.9 MPH)
Bobby Warner to second
Batting: RHB Travis Darling 0-0: Called Strike
0-1: Called Strike
0-2: Ball
1-2: Ball
2-2: Ball
3-2: Base on Balls
Bobby Warner to third
Jeremy Marshall to second
Batting: RHB Eduardo Lopez 0-0: Called Strike
0-1: Ball
1-1: Ball
2-1: Ball
3-1: Swinging Strike
3-2: Strikes out looking
Batting: RHB Jonathan Skye 0-0: Ball
1-0: Ball
2-0: Called Strike
2-1: Ball
3-1: Foul Ball, location: 2F
3-2: Foul Ball, location: 9LSF
3-2: Foul Ball, location: 2F
3-2: Fly out, F7 (Flyball, 78M, EV 94.4 MPH)
Top of the 3rd over - 0 runs, 1 hit, 0 errors, 3 left on base; Baltimore 0 - Toronto 2
BOTTOM OF THE 3RD
Toronto Blue Jays batting - Pitching for Baltimore Orioles : RHP Justin Flowers
Batting: LHB John Slaff 0-0: Fly out, F8 (Flyball, 8RXD, EV 93.8 MPH)
Batting: SHB Dennis Desper 0-0: Fly out, F7 (Flyball, 7D, EV 83.1 MPH)
Batting: RHB Danny Daugherty 0-0: Ball
1-0: Called Strike
1-1: Ball
2-1: Foul Ball, location: 23F
2-2: DOUBLE (Line Drive, 7LM, EV 106.9 MPH)
Batting: LHB Collin Coleman 0-0: Ground out 1-3 (Groundball, 34S, EV 71.9 MPH)
Bottom of the 3rd over - 0 runs, 1 hit, 0 errors, 1 left on base; Baltimore 0 - Toronto 2
TOP OF THE 4TH
Baltimore Orioles batting - Pitching for Toronto Blue Jays : RHP Adrian Korner
Batting: LHB Nate Wagner 0-0: Ball
1-0: Ball
2-0: Fly out, F7 (Flyball, 7S, EV 96.3 MPH)
Batting: SHB Josh Osborne 0-0: Foul Ball, location: 3F
0-1: Ball
1-1: SINGLE (Line Drive, 78S, EV 100.0 MPH)
Batting: LHB Dave Schwabe 0-0: Ball
1-0: Ground out 4-3 (Groundball, 4M, EV 103.8 MPH)
Josh Osborne to second
Batting: SHB Rafael Garza 0-0: Ground out 6-3 (Groundball, 6S, EV 76.3 MPH)
Top of the 4th over - 0 runs, 1 hit, 0 errors, 1 left on base; Baltimore 0 - Toronto 2
BOTTOM OF THE 4TH
Toronto Blue Jays batting - Pitching for Baltimore Orioles : RHP Justin Flowers
Batting: RHB Justin Dupree 0-0: Ball
1-0: Swinging Strike
1-1: Ball
2-1: Ground out 5-3 (Groundball, 56, EV 104.4 MPH)
Batting: RHB Greg Bates 0-0: Ball
1-0: Ground out 6-3 (Groundball, 6, EV 80.6 MPH)
Batting: SHB Mark Spalding 0-0: Called Strike
0-1: Swinging Strike
0-2: Ball
1-2: Fly out, F7 (Flyball, 7, EV 93.8 MPH)
Bottom of the 4th over - 0 runs, 0 hits, 0 errors, 0 left on base; Baltimore 0 - Toronto 2
TOP OF THE 5TH
Baltimore Orioles batting - Pitching for Toronto Blue Jays : RHP Adrian Korner
Batting: RHB Bobby Warner 0-0: Ball
1-0: Ball
2-0: Called Strike
2-1: Foul Ball, location: 9LSF
2-2: Ball
3-2: Base on Balls
Batting: LHB Jeremy Marshall 0-0: Ball
1-0: Ball
2-0: Called Strike
2-1: Called Strike
2-2: Foul Ball, location: 2F
2-2: Foul Ball, location: 2F
2-2: Fly out, F3 (Line Drive, 34, EV 76.9 MPH)
Lined into DP, U3 (Line Drive, 34, EV 76.9 MPH)
Batting: RHB Travis Darling 0-0: Ground out 4-3 (Groundball, 4S, EV 85.0 MPH)
Top of the 5th over - 0 runs, 0 hits, 0 errors, 0 left on base; Baltimore 0 - Toronto 2
BOTTOM OF THE 5TH
Toronto Blue Jays batting - Pitching for Baltimore Orioles : RHP Justin Flowers
Batting: SHB Alex Carrillo 0-0: Ball
1-0: Called Strike
1-1: Called Strike
1-2: Ball
2-2: Ball
3-2: Base on Balls
Batting: RHB Greg Whitaker 0-0: Ball
1-0: Swinging Strike
1-1: Bunted foul
1-2: Ball
2-2: Foul Ball, location: 5SF
2-2: Foul Ball, location: 2F
2-2: Fly out, F7 (Line Drive, 78M, EV 102.5 MPH)
Batting: LHB John Slaff 0-0: Ball
1-0: Ball
2-0: 2-RUN HOME RUN (Line Drive, 9D, EV 97.5 MPH), Distance : 377 ft
Batting: SHB Dennis Desper 0-0: Called Strike
0-1: Foul Ball, location: 5F
0-2: Ball
1-2: Ball
2-2: Strikes out looking
Batting: RHB Danny Daugherty 0-0: Ball
1-0: Swinging Strike
1-1: Swinging Strike
1-2: Ball
2-2: Ball
3-2: Foul Ball, location: 3SF
3-2: Foul Ball, location: 5FF
3-2: Foul Ball, location: 9LDF
3-2: Fly out, F8 (Flyball, 8RM, EV 82.5 MPH)
Bottom of the 5th over - 2 runs, 1 hit, 0 errors, 0 left on base; Baltimore 0 - Toronto 4
TOP OF THE 6TH
Baltimore Orioles batting - Pitching for Toronto Blue Jays : RHP Adrian Korner
Batting: RHB Eduardo Lopez 0-0: Ball
1-0: Ball
2-0: Ball
3-0: Foul Ball, location: 9LDF
3-1: Base on Balls
Batting: RHB Jonathan Skye 0-0: SINGLE (Line Drive, 9LS, EV 110.0 MPH)
Eduardo Lopez to second
Batting: LHB Nate Wagner 0-0: Ball
1-0: Ball
2-0: Called Strike
2-1: Fly out, F8 (Flyball, 8RXD, EV 106.9 MPH)
Runner from 2nd tags up, SAFE at 3rd, no throw by CF
Batting: SHB Josh Osborne 0-0: Ball
1-0: Ball
2-0: Called Strike
2-1: Foul Ball, location: 2F
2-2: Foul Ball, location: 7LMF
2-2: Ball
3-2: Strikes out looking
Pitching: RHP Curt Tupper
Batting: LHB Dave Schwabe 0-0: Ball
1-0: Ball
2-0: Foul Ball, location: 2RF
2-1: Ball
3-1: Swinging Strike
3-2: Strikes out swinging
Top of the 6th over - 0 runs, 1 hit, 0 errors, 2 left on base; Baltimore 0 - Toronto 4
BOTTOM OF THE 6TH
Toronto Blue Jays batting - Pitching for Baltimore Orioles : RHP Justin Flowers
Batting: LHB Collin Coleman 0-0: Swinging Strike
0-1: Swinging Strike
0-2: Ball
1-2: Ball
2-2: Ball
3-2: Fly out, F5 (Popup, 5F, EV 72.5 MPH)
Pitching: RHP Miguel Castro
Batting: RHB Justin Dupree 0-0: Ball
1-0: Called Strike
1-1: Foul Ball, location: 2RF
1-2: Ball
2-2: Ground out 5-3 (Groundball, 5, EV 104.4 MPH)
Batting: RHB Greg Bates 0-0: Ball
1-0: Ball
2-0: Ball
3-0: Called Strike
3-1: Ground out 5-3 (Groundball, 5, EV 88.8 MPH)
Bottom of the 6th over - 0 runs, 0 hits, 0 errors, 0 left on base; Baltimore 0 - Toronto 4
TOP OF THE 7TH
Baltimore Orioles batting - Pitching for Toronto Blue Jays : RHP Curt Tupper
Batting: SHB Rafael Garza 0-0: Swinging Strike
0-1: Swinging Strike
0-2: Ball
1-2: Hit by Pitch
Batting: RHB Bobby Warner 0-0: Swinging Strike
0-1: Ball
1-1: Called Strike
1-2: Ball
2-2: Grounds into double play, 1-6-3 (Groundball, 13, EV 66.3 MPH)
Pitching: LHP Ming-hoa Sha
Batting: LHB Jeremy Marshall 0-0: Ball
1-0: Called Strike
1-1: Foul Ball, location: 2F
1-2: Foul Ball, location: 2F
1-2: Strikes out swinging
Top of the 7th over - 0 runs, 0 hits, 0 errors, 0 left on base; Baltimore 0 - Toronto 4
BOTTOM OF THE 7TH
Toronto Blue Jays batting - Pitching for Baltimore Orioles : RHP Miguel Castro
Batting: SHB Mark Spalding 0-0: Called Strike
0-1: Fly out, F7 (Line Drive, 7, EV 98.8 MPH)
Batting: SHB Alex Carrillo 0-0: Foul Ball, location: 5DF
0-1: Foul Ball, location: 5FF
0-2: Ball
1-2: Strikes out swinging
Batting: RHB Greg Whitaker 0-0: Ball
1-0: Ball
2-0: Called Strike
2-1: Ball
3-1: Foul Ball, location: 2F
3-2: Base on Balls
Pitching: RHP Jarrett Lazarony
Batting: LHB John Slaff 0-0: Called Strike
0-1: Ball
1-1: Called Strike
1-2: Ball
2-2: Ball
3-2: Strikes out swinging
Bottom of the 7th over - 0 runs, 0 hits, 0 errors, 1 left on base; Baltimore 0 - Toronto 4
TOP OF THE 8TH
Baltimore Orioles batting - Pitching for Toronto Blue Jays : LHP Ming-hoa Sha
Pitching: RHP Victor Urueta
Batting: RHB Travis Darling 0-0: Ball
1-0: Foul Ball, location: 2F
1-1: Ball
2-1: Called Strike
2-2: Ball
3-2: Foul Ball, location: 3FF
3-2: Base on Balls
Batting: RHB Eduardo Lopez 0-0: Ball
1-0: Swinging Strike
1-1: Ball
2-1: Ball
3-1: Called Strike
3-2: Grounds into double play, 5-4-3 (Groundball, 56, EV 100.6 MPH)
Batting: RHB Jonathan Skye 0-0: Called Strike
0-1: Fly out, F9 (Flyball, 9D, EV 106.9 MPH)
Top of the 8th over - 0 runs, 0 hits, 0 errors, 0 left on base; Baltimore 0 - Toronto 4
BOTTOM OF THE 8TH
Toronto Blue Jays batting - Pitching for Baltimore Orioles : RHP Jarrett Lazarony
Batting: SHB Dennis Desper 0-0: Called Strike
0-1: Ball
1-1: Ball
2-1: Foul Ball, location: 23F
2-2: Ball
3-2: Foul Ball, location: 2F
3-2: Foul Ball, location: 9LMF
3-2: Ground out 6-3 (Groundball, 6, EV 100.0 MPH)
Batting: RHB Danny Daugherty 0-0: Called Strike
0-1: Ball
1-1: Ball
2-1: Ground out 6-3 (Groundball, 6S, EV 77.5 MPH)
Batting: LHB Collin Coleman 0-0: Called Strike
0-1: Ground out 6-3 (Groundball, 6, EV 86.9 MPH)
Bottom of the 8th over - 0 runs, 0 hits, 0 errors, 0 left on base; Baltimore 0 - Toronto 4
TOP OF THE 9TH
Baltimore Orioles batting - Pitching for Toronto Blue Jays : RHP Victor Urueta
Batting: LHB Nate Wagner 0-0: Ball
1-0: Called Strike
1-1: Called Strike
1-2: Foul Ball, location: 2F
1-2: Strikes out swinging
Batting: SHB Josh Osborne 0-0: Ground out U3 (Groundball, 3L, EV 88.8 MPH)
Batting: LHB Dave Schwabe 0-0: Called Strike
0-1: Called Strike
0-2: Foul Ball, location: 7LSF
0-2: Ground out 4-3 (Groundball, 4, EV 103.1 MPH)
Top of the 9th over - 0 runs, 0 hits, 0 errors, 0 left on base; Baltimore 0 - Toronto 4
Saturday, May 4th , 2024 - OOTP Baseball 24.11 Build 85